 Dungeon Crawl Stone Soup version 0.28-a0-537-g3bccd9ccbf (webtiles) character file.

Game seed: 12124737096035091875

164 robertstho the Magician (level 5, -1/37 HPs)
             Began as a Djinni Fire Elementalist on Sept 27, 2021.
             Slain by a gnoll (14 damage)
             ... on level 3 of the Dungeon.
             The game lasted 00:04:08 (4229 turns).

robertstho the Magician (Djinni Fire Elementalist)  Turns: 4229, Time: 00:04:08

Health: -1/37      AC:  2    Str:  7    XL:     5   Next: 73%
Gold:   99         EV: 11    Int: 18    God:
                   SH:  3    Dex: 13

rFire   + + .      SeeInvis .   b - +0 short sword (venom)
rCold   x . .      Faith    .   c - +0 buckler
rNeg    . . .      Spirit   .   a - +0 robe
rPois   ∞          Reflect  .   (no helmet)
rElec   .          Harm     .   (no cloak)
rCorr   .          Rampage  .   (no gloves)
Will    .....                   (boots unavailable)
Stlth   ++........              (no amulet)
HPRegen 0.12/turn               (no ring)
MPRegen 0.00/turn               (no ring)

@: flying
A: sickness immunity, fire resistance 2, cold vulnerability 1, float, innate
caster, hp casting, extra vitality 1
a: no special abilities


You were on level 3 of the Dungeon.
You visited 1 branch of the dungeon, and saw 3 of its levels.

You collected 99 gold pieces.

Inventory:

Hand Weapons
 b - a +0 short sword of venom (weapon)
Armour
 a - a +0 robe (worn)
 c - a +0 buckler (worn)
Scrolls
 d - 2 scrolls of identify {unknown}
 f - 3 scrolls of silence {unknown}
 i - a scroll of fog {unknown}
 j - a scroll of noise {unknown}
 l - a scroll of teleportation {unknown}
Potions
 e - a potion of attraction {unknown}
 g - a potion of curing {unknown}
 h - a potion of flight {unknown}
 k - a potion of heal wounds {unknown}
 m - a potion of lignification {unknown}


   Skills:
 * Level 1.3 Fighting
 + Level 2.5 Dodging
 + Level 1.9 Stealth
 * Level 4.2 Spellcasting


You couldn't memorise any spells.
You knew the following spells:

 Your Spells              Type           Power      Damage    Failure   Level
a - Foxfire               Conj/Fire      76%        2x1d7     4%          1
b - Scorch                Fire           38%        2d7       6%          2
c - Conjure Flame         Conj/Fire      19%        6-21      13%         3
d - Inner Flame           Hex/Fire       19%        N/A       13%         3
e - Flame Wave            Conj/Fire      19%        3d5       38%         4
f - Magic Dart            Conj           76%        1d6       4%          1
g - Slow                  Hex            19%        N/A       6%          2
Your spell library was empty.

Dungeon Overview and Level Annotations

Branches:
Dungeon (3/15)

Altars:


Innate Abilities, Weirdness & Mutations

You are immune to sickness and miasma.
You are immune to poison.
Your flesh is very heat resistant. (rF++)
You are vulnerable to cold. (rC-)
You float through the air rather than walking.
You learn spells naturally, not from books.
Your magical power is your life essence.
You have superior vitality. (+4 HP)


Message History

There is a stone staircase leading down here. 3 gnolls and a gnoll sergeant come into view.
The gnoll sergeant is wielding a +1 spear of venom.
A gnoll is wielding a +0 halberd and wearing a +0 leather armour of fire resistance.
The gnoll shouts! x2
There are monsters nearby!
There are monsters nearby!
There are monsters nearby!
There are monsters nearby!
The gnoll sergeant shouts!
Casting: Scorch (safe; 6% risk of failure)
Confirm with . or Enter, or press ? or * to list all spells.
Flames lash the gnoll.
The gnoll is moderately wounded.
The gnoll's fire resistance burns away.
The gnoll shouts!
Unknown command.
Casting: Scorch (safe; 6% risk of failure)
Confirm with . or Enter, or press ? or * to list all spells.
Flames lash the gnoll sergeant but do no damage.
Unknown command.
Casting: Scorch (safe; 6% risk of failure)
Confirm with . or Enter, or press ? or * to list all spells.
Flames lash the gnoll.
The gnoll is heavily wounded.
The gnoll's fire resistance burns away.
The gnoll barely misses you.
Unknown command.
Casting: Scorch (safe; 6% risk of failure)
Confirm with . or Enter, or press ? or * to list all spells.
Flames lash the gnoll.
The gnoll is burned terribly!
The gnoll is heavily wounded.
The gnoll is no longer more vulnerable to fire.
The gnoll sergeant hits you from afar with a +1 spear of venom!
The gnoll hits you with a +0 flail.
Casting: Scorch (safe; 6% risk of failure)
Confirm with . or Enter, or press ? or * to list all spells.
Flames lash the gnoll.
The gnoll resists.
The gnoll is lightly wounded.
The gnoll's fire resistance burns away.
The gnoll hits you from afar with a +0 halberd!
You die...

#......#
....######
#.#.#....########
#<..............##
#.#.#.#########..#
#...### ##.# #####
#.# ..# #.# ..#
#@# .## ♣...gg.#
.# ♣..gg### .#
♣.... .# ♣... .#
♣... .# .... .#
.... .#


You could see a gnoll sergeant and 3 gnolls.

Vanquished Creatures
  A howler monkey (D:3)
  An orc wizard (D:3)
  2 adders
  4 dart slugs
  2 orcs (D:3)
  4 bats
  9 endoplasms
  2 giant cockroaches
  7 goblins
  9 hobgoblins
  4 jackals (D:1)
  3 quokkas
  5 ball pythons
  5 frilled lizards
  4 kobolds
  6 rats
68 creatures vanquished.

Vanquished Creatures (others)
  204 foxfires
204 creatures vanquished.

Grand Total: 272 creatures vanquished

Notes
Turn   | Place    | Note
-------+----------+-------------------------------------------
     0 | D:1      | robertstho the Djinni Fire Elementalist began the quest for
                  | the Orb.
     0 | D:1      | Reached XP level 1. HP: 15/15 MP: 0/0
   110 | D:1      | You are sucked into a shaft and drop 1 floor!
   120 | D:2      | Reached XP level 2. HP: 5/21 MP: 0/0
   672 | D:2      | Reached XP level 3. HP: 25/26 MP: 0/0
   672 | D:2      | Learned a level 1 spell: Magic Dart
   836 | D:2      | Reached skill level 3 in Spellcasting
  2089 | D:1      | Reached XP level 4. HP: 28/31 MP: 0/0
  2094 | D:1      | Reached skill level 1 in Fighting
  2309 | D:1      | You are sucked into a shaft and drop 1 floor!
  2386 | D:1      | You are sucked into a shaft and drop 1 floor!
  3279 | D:3      | Reached XP level 5. HP: 27/37 MP: 0/0
  3279 | D:3      | Learned a level 2 spell: Slow
  3565 | D:3      | Reached skill level 4 in Spellcasting
  4229 | D:3      | Slain by a gnoll

Illustrated notes

Levels and vault maps discovered:
D:1:      dpeg_arrival_rooms_a, layout_basic
D:2:      layout_basic, minmay_misc_feat_nine_boxes, grunt_ministairs_2,
          st_stairs_12
D:3:      layout_basic, kennysheep_potato

Skill      XL: |  1  2  3  4  5 |
---------------+----------------+-----
Spellcasting   | 3 4 |  4.2
Fighting       | 1 |  1.3
Dodging        | |  2.5
Stealth        | |  1.9

Action                   |  1- 3 |  4- 6 || total
-------------------------+-------+-------++-------
Melee: Short sword       |       |     1 ||     1
 Cast: Foxfire           |    85 |    41 ||   126
       Scorch            |     2 |    37 ||    39
Armor: Robe              |     4 |     2 ||     6
Dodge: Dodged            |     5 |    10 ||    15

Table legend: (Time is in decaauts)
 A = Elapsed time spent in this place.
 B = Non-inter-level travel time spent in this place.
 C = Inter-level travel time spent in this place.
 D = Time resting spent in this place.
 E = Time spent auto-exploring this place.
 F = Levels seen in this place.
 G = Mean time per level.
                   A        B        C        D        E       F      G
               +--------+--------+--------+--------+--------+-----+--------+
         Total |   4231 |   4133 |     98 |    429 |   3299 |   3 | 1410.3 |
       Dungeon |   4231 |   4133 |     98 |    429 |   3299 |   3 | 1410.3 |
               +--------+--------+--------+--------+--------+-----+--------+

Top non-repeatable levels by time:
     D:2: 1874 daAuts
     D:1: 1235 daAuts
     D:3: 1121 daAuts
